Blackdemons vs Knights
Created - March 25, 2019 at 19:04
Goals
|
Blackdemons |
2 |
3 |
4 |
9 |
Knights |
0 |
2 |
0 |
2 |
|
Shots
|
Blackdemons |
15 |
9 |
11 |
35 |
Knights |
8 |
15 |
12 |
35 |
|
1st period
1. Blackdemons , Patrice Cormier 25 (Max Friberg 18) at 6:02
2. Blackdemons , Zachary Sanford 23 (Patrice Cormier 55) at 11:30
Penalties :
No Penalty
2nd period
3. Blackdemons , James Livingstone 2 (Kyle Rau 27, Ladislav Nagy 30) at 1:27
4. Blackdemons , Scott Timmins 17 (Sergei Plotnikov 28, Matt Grzelcyk 1) at 8:12
5. Knights , Vince Hinostroza 9 (Justin Braun 3, Brendan Gaunce 18) at 11:05
6. Blackdemons , Ladislav Nagy 35 (Kyle Rau 28, Martin Hanzal 60) at 17:40
7. Knights , Boone Jenner 16 (Linden Vey 34, Jaccob Slavin 40) at 18:10
Penalties :
Josh Bailey (Lon) for Tripping (Minor) at 14:01
3rd period
8. Blackdemons , Zachary Sanford 24 (Patrice Cormier 56, Yannick Weber 39) at 13:43 (PP)
9. Blackdemons , Patrice Cormier 26 (Zachary Sanford 27, Alexandre Grenier 38) at 16:04 (PP)
10. Blackdemons , Scott Timmins 18 (Sergei Plotnikov 29, Max Friberg 19) at 18:00
11. Blackdemons , Alexandre Grenier 30 (Martin Hanzal 61, Blake Pietila 35) at 18:13
Penalties :
Noel Acciari (Lon) for Roughing (Minor) at 13:30, Scott Wilson (Lon) for Holding (Minor) at 14:35
Goalie Stats
Matt Hackett (MJM), 33 saves from 35 shots - (0.943), W, 35-9-1, 60:00 minutes
Ben Scrivens (Lon), 11 saves from 16 shots - (0.688), 31:48 minutes
Magnus Hellberg (Lon), 15 saves from 19 shots - (0.789), L, 12-12-0, 28:12 minutes
Players Stats for Blackdemons
Player Name G A P +/- PIM S H SB GA TA FO MP PP MP PK MP
------------------------------------------------------------------------------------
Alexandre Grenier 1 1 2 1 0 3 0 2 2 1 1/2 21:16 2:28 0:00
Blake Pietila 0 1 1 1 0 3 0 0 0 1 0/1 20:06 1:13 0:00
Brett Kulak 0 0 0 0 0 1 0 1 0 1 0/0 12:29 0:00 0:00
Hudson Fasching 0 0 0 1 0 0 0 0 0 0 0/2 13:04 1:13 0:00
James Livingstone 1 0 1 3 0 1 0 0 0 0 0/1 10:04 0:00 0:00
Jeffrey Foss 0 0 0 2 0 0 0 3 0 2 0/0 19:07 1:22 0:00
Keaton Ellerby 0 0 0 1 0 1 0 1 0 1 0/0 23:22 2:19 0:00
Kyle Rau 0 2 2 1 0 0 0 0 0 0 4/8 11:46 0:00 0:00
Ladislav Nagy 1 1 2 1 0 1 1 0 3 0 0/0 11:46 0:00 0:00
Martin Hanzal 0 2 2 1 0 3 2 1 1 0 18/27 20:06 1:13 0:00
Matt Grzelcyk 0 1 1 2 0 0 1 0 0 0 0/0 5:02 0:00 0:00
Max Friberg 0 2 2 0 0 2 0 0 0 2 2/2 15:36 0:00 0:00
Patrice Cormier 2 2 4 0 0 8 0 0 1 0 7/18 18:04 2:28 0:00
Robbie Russo 0 0 0 0 0 1 0 1 0 0 0/0 12:29 0:00 0:00
Roman Josi 0 0 0 1 0 2 1 1 1 0 0/0 23:22 2:19 0:00
Scott Timmins 2 0 2 3 0 4 1 0 0 0 1/3 10:04 0:00 0:00
Sergei Plotnikov 0 2 2 3 0 1 0 1 0 1 0/1 10:04 0:00 0:00
Tommy Vannelli 0 0 0 2 0 0 0 0 0 0 0/0 5:02 0:00 0:00
Yannick Weber 0 1 1 2 0 1 2 1 1 1 0/0 19:07 1:22 0:00
Zachary Sanford 2 1 3 0 0 3 2 0 0 0 0/0 18:04 2:28 0:00
Players Stats for Knights
Player Name G A P +/- PIM S H SB GA TA FO MP PP MP PK MP
------------------------------------------------------------------------------------
Boone Jenner 1 0 1 0 0 3 3 0 0 0 7/13 13:44 0:00 1:00
Brendan Gaunce 0 1 1 -3 0 4 1 0 0 0 1/1 8:43 0:00 0:11
Collin Miller 0 0 0 0 0 1 4 1 0 1 0/0 12:20 0:00 0:00
Jaccob Slavin 0 1 1 -3 0 2 0 3 0 0 0/0 27:39 0:00 0:54
Jordan Martinook 0 0 0 0 0 1 2 0 0 0 0/1 16:09 0:00 0:26
Josh Bailey 0 0 0 0 2 4 0 0 0 1 0/0 15:48 0:00 0:00
Justin Braun 0 1 1 -2 0 3 2 1 1 0 0/0 20:01 0:00 2:47
Linden Vey 0 1 1 0 0 1 2 1 2 1 0/0 12:38 0:00 0:00
Ludwig Bystrom 0 0 0 0 0 0 0 0 0 0 0/0 12:20 0:00 0:00
Michael Raffl 0 0 0 -2 0 3 0 0 2 1 2/2 22:04 0:00 2:38
Miro Aaltonen 0 0 0 0 0 2 0 0 0 0 3/11 15:43 0:00 0:00
Nicklas Jensen 0 0 0 -3 0 0 1 0 0 0 0/0 8:32 0:00 0:00
Noel Acciari 0 0 0 -2 2 4 2 1 3 0 18/34 21:49 0:00 2:30
Pavel Buchnevich 0 0 0 -2 0 3 2 0 0 1 1/2 19:20 0:00 0:00
Scott Wilson 0 0 0 0 2 0 0 0 0 0 0/1 13:14 0:00 0:37
Tomas Kundratek 0 0 0 -3 0 1 3 1 1 1 0/0 24:34 0:00 2:47
Vince Hinostroza 1 0 1 -3 0 2 0 0 1 1 0/0 8:32 0:00 0:00
Zach Trotman 0 0 0 -2 0 1 1 6 0 2 0/0 23:06 0:00 0:54
3 Stars
1 - Patrice Cormier (MJM)
2 - Scott Timmins (MJM)
3 - Zachary Sanford (MJM)
Power Play
Blackdemons - 2 on 3 Attempt(s) - 66.67%
Knights - 0 on 0 Attempt(s) - 0.00%
Penalty Kill
Blackdemons - 0 on 0 Attempt(s) - 0.00%
- Score 0 goal in Penalty Kill
Knights - 1 on 3 Attempt(s) - 33.33%
- Score 0 goal in Penalty Kill
Team Stat
Blackdemons - Hits : 10 - Faceoff Wins : 33 - Blocked Shots : 12 - Penalty Minutes : 0
Knights - Hits : 23 - Faceoff Wins : 32 - Blocked Shots : 14 - Penalty Minutes : 6
Official
Referees : Unknown
Linesman : Unknown
Game Notes
Ben Scrivens enters game at 8:12 of 2nd period
Finance
Level 1 -- Attendance: 1460 (73.00%) -- Ticket Income $36,500
Level 2 -- Attendance: 820 (82.00%) -- Ticket Income $10,660
Total Attendance: 2280 (76.00%)
Total Ticket Income: $47,160
Other Income: $2,358
Total Income: $49,518
Blackdemons
5 vs 5 Forward
Center Left Wing Right Wing Time % Phy DF OF
1 Martin Hanzal Blake Pietila Alexandre Grenier 36 0 1 4
2 Patrice Cormier Zachary Sanford Max Friberg 30 0 1 4
3 Kyle Rau Ladislav Nagy Hudson Fasching 22 0 2 3
4 Scott Timmins Sergei Plotnikov James Livingstone 12 0 1 4
5 vs 5 Defense
Defense Defense Time % Phy DF OF
1 Keaton Ellerby Roman Josi 40 0 4 1
2 Jeffrey Foss Yannick Weber 30 0 4 1
3 Brett Kulak Robbie Russo 22 0 5 0
4 Matt Grzelcyk Tommy Vannelli 8 0 5 0
PowerPlay Forward
Center Left Wing Right Wing Time % Phy DF OF
1 Patrice Cormier Zachary Sanford Alexandre Grenier 50 0 0 5
2 Martin Hanzal Blake Pietila Hudson Fasching 50 0 0 5
PowerPlay Defense
Defense Defense Time % Phy DF OF
1 Jeffrey Foss Yannick Weber 50 0 1 4
2 Keaton Ellerby Roman Josi 50 0 1 4
Penalty Kill 4 Players Forward
Center Wing Time % Phy DF OF
1 Patrice Cormier Ladislav Nagy 50 0 5 0
2 Kyle Rau Sergei Plotnikov 50 0 5 0
Penalty Kill 4 Players Defense
Defense Defense Time % Phy DF OF
1 Yannick Weber Jeffrey Foss 50 0 5 0
2 Matt Grzelcyk Keaton Ellerby 50 0 5 0
Penalty Kill - 3 Players Forward
Forward Time % Phy DF OF
1 Patrice Cormier 60 0 5 0
2 Martin Hanzal 40 0 5 0
Penalty Kill - 3 Players Defense
Defense Defense Time % Phy DF OF
1 Yannick Weber Roman Josi 60 0 5 0
2 Jeffrey Foss Keaton Ellerby 40 0 5 0
4 vs 4 Forward
Center Wing Time % Phy DF OF
1 Kyle Rau Martin Hanzal 50 1 2 2
2 Ladislav Nagy Patrice Cormier 50 1 2 2
4 vs 4 Defense
Defense Defense Time % Phy DF OF
1 Keaton Ellerby Roman Josi 50 1 2 2
2 Yannick Weber Jeffrey Foss 50 1 2 2
Last Minutes Offensive
Center Left Wing Right Wing Defense Defense
Martin Hanzal Ladislav Nagy Alexandre Grenier Roman Josi Keaton Ellerby
Last Minutes Defensive
Center Left Wing Right Wing Defense Defense
Martin Hanzal Ladislav Nagy Alexandre Grenier Roman Josi Keaton Ellerby
Goaltenders
Starting : Matt Hackett
Backup : Laurent Brossoit
Extra Forwards
Normal : Max Friberg, Scott Timmins, Blake Pietila - PP : Max Friberg, Scott Timmins - PK : Blake Pietila
Extra Defensemen
Normal : Yannick Weber, Roman Josi, Jeffrey Foss - PP : Yannick Weber - PK : Roman Josi, Jeffrey Foss
Penalty Shots
Martin Hanzal, Ladislav Nagy, Sergei Plotnikov, Hudson Fasching, Patrice Cormier
Scratches
Alexei Morozov (Strained Right Elbow Injury), Christophe Lalancette (Healthy), Charles-Olivier Roussel (Healthy), Klas Dahlbeck (Healthy), Remi Elie (Healthy)
Jyrki Jokipakka (Healthy), Mackenzie MacEachern (Healthy), Ben Maxwell (Healthy), Nicolas Deschamps (Healthy), Angelo Esposito (Healthy)
Jacob Lagacé (Healthy), Ebbe Siönäs (Healthy), Sami Aittokallio (Healthy), Jeremy Smith (Healthy)
Knights
5 vs 5 Forward
Center Left Wing Right Wing Time % Phy DF OF
1 Noel Acciari Michael Raffl Pavel Buchnevich 37 1 2 2
2 Miro Aaltonen Jordan Martinook Josh Bailey 29 1 2 2
3 Boone Jenner Scott Wilson Linden Vey 24 1 2 2
4 Brendan Gaunce Vince Hinostroza Nicklas Jensen 10 1 2 2
5 vs 5 Defense
Defense Defense Time % Phy DF OF
1 Tomas Kundratek Jaccob Slavin 40 1 2 2
2 Zach Trotman Justin Braun 30 1 2 2
3 Collin Miller Ludwig Bystrom 20 1 2 2
4 Zach Trotman Jaccob Slavin 10 1 2 2
PowerPlay Forward
Center Left Wing Right Wing Time % Phy DF OF
1 Noel Acciari Michael Raffl Pavel Buchnevich 60 1 1 3
2 Miro Aaltonen Linden Vey Josh Bailey 40 1 1 3
PowerPlay Defense
Defense Defense Time % Phy DF OF
1 Jaccob Slavin Tomas Kundratek 60 0 1 4
2 Justin Braun Collin Miller 40 0 1 4
Penalty Kill 4 Players Forward
Center Wing Time % Phy DF OF
1 Noel Acciari Michael Raffl 60 1 3 1
2 Josh Bailey Jordan Martinook 40 1 3 1
Penalty Kill 4 Players Defense
Defense Defense Time % Phy DF OF
1 Tomas Kundratek Justin Braun 60 1 3 1
2 Zach Trotman Jaccob Slavin 40 1 3 1
Penalty Kill - 3 Players Forward
Forward Time % Phy DF OF
1 Michael Raffl 60 0 4 1
2 Noel Acciari 40 0 4 1
Penalty Kill - 3 Players Defense
Defense Defense Time % Phy DF OF
1 Tomas Kundratek Justin Braun 60 1 3 1
2 Jaccob Slavin Zach Trotman 40 1 3 1
4 vs 4 Forward
Center Wing Time % Phy DF OF
1 Miro Aaltonen Josh Bailey 60 1 2 2
2 Noel Acciari Pavel Buchnevich 40 1 2 2
4 vs 4 Defense
Defense Defense Time % Phy DF OF
1 Justin Braun Zach Trotman 60 1 2 2
2 Tomas Kundratek Jaccob Slavin 40 1 2 2
Last Minutes Offensive
Center Left Wing Right Wing Defense Defense
Noel Acciari Michael Raffl Pavel Buchnevich Jaccob Slavin Tomas Kundratek
Last Minutes Defensive
Center Left Wing Right Wing Defense Defense
Noel Acciari Michael Raffl Josh Bailey Tomas Kundratek Justin Braun
Goaltenders
Starting : Magnus Hellberg
Backup : Ben Scrivens
Extra Forwards
Normal : Pavel Buchnevich, Linden Vey, Michael Raffl - PP : Josh Bailey, Michael Raffl - PK : Michael Raffl
Extra Defensemen
Normal : Jaccob Slavin, Zach Trotman, Collin Miller - PP : Zach Trotman - PK : Jaccob Slavin, Zach Trotman
Penalty Shots
Michael Raffl, Boone Jenner, Pavel Buchnevich, Noel Acciari, Linden Vey
Scratches
Zach Nastasiuk (Healthy), Jonathan Huberdeau (Torn Left MCL Injury), Cody Bass (Healthy), Brandon Saad (Head Injury), Alan Quine (Healthy)
Michael Matheson (Broken Left Thumb Injury), David Shields (Healthy), Matthew Benning (Healthy), Trevor Moore (Healthy), Curtis Valk (Healthy)
Anthony Louis (Healthy), Brett Connolly (Healthy), Travis Boyd (Healthy), Nicolas Petan (Healthy), Fredrik Claesson (Healthy)
Anton Blidh (Healthy), A.J. Jenks (Healthy), Connor Knapp (Healthy), Eamon McAdam (Healthy), Philippe Desrosiers (Healthy)
Ville Husso (Healthy)
% Time on Ice - Blackdemons
Lines # - Real PCT - Wanted PCT - Time Play
Normal Forward
1 - 33% - 36% - 18:48
2 - 28% - 30% - 15:41
3 - 21% - 22% - 11:46
4 - 18% - 12% - 10:04
Normal Defense
1 - 37% - 40% - 20:58
2 - 32% - 30% - 17:50
3 - 22% - 22% - 12:29
4 - 9% - 8% - 5:02
PP Forward
1 - 67% - 50% - 2:28
2 - 33% - 50% - 1:13
PP Defense
1 - 37% - 50% - 1:22
2 - 63% - 50% - 2:19
PK Forward
1 - 0% - 50%
2 - 0% - 50%
PK Defense
1 - 0% - 50%
2 - 0% - 50%
PK3 Forward
1 - 0% - 60%
2 - 0% - 40%
PK3 Defense
1 - 0% - 60%
2 - 0% - 40%
44 Forward
1 - 0% - 50%
2 - 0% - 50%
44 Defense
1 - 0% - 50%
2 - 0% - 50%
Last Minute Offensive - 0:00
Last Minute Defensive - 0:00
Total
Forward - 60:00
Defense - 60:00
|
% Time on Ice - Knights
Lines # - Real PCT - Wanted PCT - Time Play
Normal Forward
1 - 35% - 37% - 19:26
2 - 28% - 29% - 15:43
3 - 22% - 24% - 12:38
4 - 15% - 10% - 8:32
Normal Defense
1 - 39% - 40% - 21:47
2 - 31% - 30% - 17:28
3 - 22% - 20% - 12:20
4 - 8% - 10% - 4:44
PP Forward
1 - 0% - 60%
2 - 0% - 40%
PP Defense
1 - 0% - 60%
2 - 0% - 40%
PK Forward
1 - 88% - 60% - 3:15
2 - 12% - 40% - 0:26
PK Defense
1 - 76% - 60% - 2:47
2 - 24% - 40% - 0:54
PK3 Forward
1 - 0% - 60%
2 - 0% - 40%
PK3 Defense
1 - 0% - 60%
2 - 0% - 40%
44 Forward
1 - 0% - 60%
2 - 0% - 40%
44 Defense
1 - 0% - 60%
2 - 0% - 40%
Last Minute Offensive - 0:00
Last Minute Defensive - 0:00
Total
Forward - 60:00
Defense - 60:00
|
Play-by-Play
1st period
0:01 of 1st period - Michael Raffl wins face-off versus Martin Hanzal in neutral zone.
0:35 of 1st period - Wrist shot by Max Friberg.
0:35 of 1st period - Stopped by Magnus Hellberg with a rebound.
1:35 of 1st period - Wrist shot by Blake Pietila.
1:35 of 1st period - Stopped by Magnus Hellberg with a rebound.
1:37 of 1st period - Wrist shot by Martin Hanzal.
1:37 of 1st period - Shot Blocked by Zach Trotman.
1:57 of 1st period - Snap shot by Zachary Sanford.
1:57 of 1st period - Shot Misses the Net.
2:15 of 1st period - Wrist shot by Kyle Rau.
2:15 of 1st period - Shot Misses the Net.
2:22 of 1st period - Icing by Zach Trotman.
2:23 of 1st period - Noel Acciari wins face-off versus Scott Timmins in Knights zone.
2:28 of 1st period - Roman Josi is hit by Pavel Buchnevich and loses puck.
2:33 of 1st period - Snap shot by Noel Acciari.
2:33 of 1st period - Stopped by Matt Hackett with a rebound.
2:35 of 1st period - Slapshot by Zach Trotman.
2:35 of 1st period - Shot Blocked by Keaton Ellerby.
2:37 of 1st period - Snap shot by Pavel Buchnevich.
2:37 of 1st period - Stopped by Matt Hackett with a rebound.
3:41 of 1st period - Snap shot by Noel Acciari.
3:41 of 1st period - Stopped by Matt Hackett with a rebound.
3:43 of 1st period - Slapshot by Collin Miller.
3:43 of 1st period - Shot Misses the Net.
4:04 of 1st period - Wrist shot by Scott Timmins.
4:04 of 1st period - Stopped by Magnus Hellberg without a rebound.
4:05 of 1st period - Martin Hanzal wins face-off versus Miro Aaltonen in Knights zone.
4:16 of 1st period - Backhand shot by Martin Hanzal.
4:16 of 1st period - Stopped by Magnus Hellberg with a rebound.
4:18 of 1st period - Wrist shot by Alexandre Grenier.
4:18 of 1st period - Deflect By Blake Pietila.
4:18 of 1st period - Shot Misses the Net.
4:18 of 1st period - Puck is out of play.
4:19 of 1st period - Noel Acciari wins face-off versus Patrice Cormier in Knights zone.
4:28 of 1st period - Wrist shot by Pavel Buchnevich.
4:28 of 1st period - Shot Blocked by Robbie Russo.
5:31 of 1st period - Sergei Plotnikov is hit by Collin Miller and loses puck.
5:58 of 1st period - Snap shot by Patrice Cormier.
5:58 of 1st period - Stopped by Magnus Hellberg without a rebound.
5:59 of 1st period - Patrice Cormier wins face-off versus Noel Acciari in Knights zone.
6:02 of 1st period - Wrist shot by Patrice Cormier.
6:02 of 1st period - Goal by Patrice Cormier - Blackdemons : 1 - Knights : 0.
6:03 of 1st period - Martin Hanzal wins face-off versus Noel Acciari in neutral zone.
6:18 of 1st period - Wrist shot by Michael Raffl.
6:18 of 1st period - Stopped by Matt Hackett with a rebound.
6:28 of 1st period - Jaccob Slavin is hit by Yannick Weber and loses puck.
7:19 of 1st period - Icing by Keaton Ellerby.
7:20 of 1st period - Scott Timmins wins face-off versus Boone Jenner in Blackdemons zone.
7:53 of 1st period - Snap shot by Martin Hanzal.
7:53 of 1st period - Shot Hit the Post.
8:05 of 1st period - Snap shot by Martin Hanzal.
8:05 of 1st period - Shot Blocked by Collin Miller.
8:25 of 1st period - Patrice Cormier is hit by Boone Jenner and loses puck.
9:14 of 1st period - Wrist shot by Martin Hanzal.
9:14 of 1st period - Stopped by Magnus Hellberg with a rebound.
9:16 of 1st period - Slapshot by Brett Kulak.
9:16 of 1st period - Deflect By Zach Trotman.
9:16 of 1st period - Stopped by Magnus Hellberg with a rebound.
9:37 of 1st period - Slapshot by Miro Aaltonen.
9:37 of 1st period - Stopped by Matt Hackett without a rebound.
9:38 of 1st period - Martin Hanzal wins face-off versus Miro Aaltonen in Blackdemons zone.
9:47 of 1st period - Snap shot by Yannick Weber.
9:47 of 1st period - Stopped by Magnus Hellberg with a rebound.
9:49 of 1st period - Snap shot by Alexandre Grenier.
9:49 of 1st period - Shot Blocked by Jaccob Slavin.
9:51 of 1st period - Wrist shot by Blake Pietila.
9:51 of 1st period - Shot Misses the Net.
9:53 of 1st period - Snap shot by Martin Hanzal.
9:53 of 1st period - Shot Misses the Net.
10:32 of 1st period - Snap shot by Noel Acciari.
10:32 of 1st period - Deflect By Patrice Cormier.
10:32 of 1st period - Shot Misses the Net.
10:32 of 1st period - Puck is out of play.
10:33 of 1st period - Martin Hanzal wins face-off versus Noel Acciari in Blackdemons zone.
10:39 of 1st period - Blake Pietila is hit by Tomas Kundratek and loses puck.
11:08 of 1st period - Snap shot by Jaccob Slavin.
11:08 of 1st period - Shot Misses the Net.
11:16 of 1st period - Wrist shot by Pavel Buchnevich.
11:16 of 1st period - Shot Misses the Net.
11:18 of 1st period - Slapshot by Tomas Kundratek.
11:18 of 1st period - Shot Misses the Net.
11:20 of 1st period - Snap shot by Tomas Kundratek.
11:20 of 1st period - Shot Misses the Net.
11:22 of 1st period - Slapshot by Jaccob Slavin.
11:22 of 1st period - Deflect By Michael Raffl.
11:22 of 1st period - Stopped by Matt Hackett without a rebound.
11:23 of 1st period - Boone Jenner wins face-off versus Patrice Cormier in Blackdemons zone.
11:30 of 1st period - Wrist shot by Zachary Sanford.
11:30 of 1st period - Goal by Zachary Sanford - Blackdemons : 2 - Knights : 0.
11:31 of 1st period - Martin Hanzal wins face-off versus Boone Jenner in neutral zone.
12:21 of 1st period - Hudson Fasching is hit by Collin Miller and loses puck.
12:41 of 1st period - Snap shot by Brendan Gaunce.
12:41 of 1st period - Shot Misses the Net.
12:57 of 1st period - Wrist shot by Alexandre Grenier.
12:57 of 1st period - Stopped by Magnus Hellberg without a rebound.
12:58 of 1st period - Noel Acciari wins face-off versus Patrice Cormier in Knights zone.
13:11 of 1st period - Michael Raffl is hit by Zachary Sanford and loses puck.
13:40 of 1st period - Icing by Justin Braun.
13:41 of 1st period - Boone Jenner wins face-off versus Kyle Rau in Knights zone.
13:49 of 1st period - Off-side.
13:50 of 1st period - Martin Hanzal wins face-off versus Noel Acciari in neutral zone.
14:46 of 1st period - Snap shot by Linden Vey.
14:46 of 1st period - Shot Misses the Net.
15:31 of 1st period - Slapshot by Blake Pietila.
15:31 of 1st period - Stopped by Magnus Hellberg without a rebound.
15:32 of 1st period - Patrice Cormier wins face-off versus Miro Aaltonen in Knights zone.
15:57 of 1st period - Michael Raffl is hit by Roman Josi and loses puck.
16:06 of 1st period - Wrist shot by Pavel Buchnevich.
16:06 of 1st period - Stopped by Matt Hackett with a rebound.
17:41 of 1st period - Wrist shot by Sergei Plotnikov.
17:41 of 1st period - Shot Blocked by Zach Trotman.
17:43 of 1st period - Slapshot by Yannick Weber.
17:43 of 1st period - Shot Blocked by Zach Trotman.
17:47 of 1st period - Slapshot by Sergei Plotnikov.
17:47 of 1st period - Shot Misses the Net.
17:49 of 1st period - Slapshot by Jeffrey Foss.
17:49 of 1st period - Shot Blocked by Zach Trotman.
18:57 of 1st period - Max Friberg is hit by Brendan Gaunce.
19:07 of 1st period - Slapshot by Patrice Cormier.
19:07 of 1st period - Stopped by Magnus Hellberg with a rebound.
19:09 of 1st period - Slapshot by Keaton Ellerby.
19:09 of 1st period - Stopped by Magnus Hellberg with a rebound.
19:11 of 1st period - Slapshot by Roman Josi.
19:11 of 1st period - Stopped by Magnus Hellberg with a rebound.
19:19 of 1st period - Snap shot by Martin Hanzal.
19:19 of 1st period - Shot Misses the Net.
19:49 of 1st period - Slapshot by Josh Bailey.
19:49 of 1st period - Stopped by Matt Hackett without a rebound.
19:50 of 1st period - Noel Acciari wins face-off versus Kyle Rau in Blackdemons zone.
Goals for this period are 2 for Blackdemons vs 0 for Knights.
Shots for this period are 15 for Blackdemons vs 8 for Knights.
2nd period
0:01 of 2nd period - Noel Acciari wins face-off versus Martin Hanzal in neutral zone.
0:14 of 2nd period - Snap shot by Martin Hanzal.
0:14 of 2nd period - Shot Blocked by Jaccob Slavin.
0:16 of 2nd period - Wrist shot by Alexandre Grenier.
0:16 of 2nd period - Deflect By Martin Hanzal.
0:16 of 2nd period - Shot Blocked by Noel Acciari.
0:16 of 2nd period - Puck is out of play.
0:17 of 2nd period - Patrice Cormier wins face-off versus Boone Jenner in Knights zone.
1:03 of 2nd period - Roman Josi is hit by Jordan Martinook.
1:27 of 2nd period - Snap shot by James Livingstone.
1:27 of 2nd period - Goal by James Livingstone - Blackdemons : 3 - Knights : 0.
1:28 of 2nd period - Boone Jenner wins face-off versus Martin Hanzal in neutral zone.
2:03 of 2nd period - Backhand shot by Pavel Buchnevich.
2:03 of 2nd period - Shot Misses the Net.
2:37 of 2nd period - Wrist shot by Brendan Gaunce.
2:37 of 2nd period - Stopped by Matt Hackett without a rebound.
2:38 of 2nd period - Noel Acciari wins face-off versus James Livingstone in Blackdemons zone.
4:19 of 2nd period - Snap shot by Pavel Buchnevich.
4:19 of 2nd period - Stopped by Matt Hackett with a rebound.
4:21 of 2nd period - Snap shot by Pavel Buchnevich.
4:21 of 2nd period - Shot Misses the Net.
4:31 of 2nd period - Backhand shot by Blake Pietila.
4:31 of 2nd period - Shot Blocked by Justin Braun.
4:51 of 2nd period - Blake Pietila is hit by Justin Braun and loses puck.
5:11 of 2nd period - Robbie Russo is hit by Noel Acciari.
5:14 of 2nd period - Off-side.
5:15 of 2nd period - Max Friberg wins face-off versus Noel Acciari in neutral zone.
5:25 of 2nd period - Icing by Michael Raffl.
5:26 of 2nd period - Noel Acciari wins face-off versus Patrice Cormier in Knights zone.
6:21 of 2nd period - Ladislav Nagy is hit by Collin Miller and loses puck.
6:28 of 2nd period - Snap shot by Josh Bailey.
6:28 of 2nd period - Shot Blocked by Jeffrey Foss.
7:03 of 2nd period - Wrist shot by Max Friberg.
7:03 of 2nd period - Stopped by Magnus Hellberg with a rebound.
7:19 of 2nd period - Slapshot by Zach Trotman.
7:19 of 2nd period - Shot Misses the Net.
7:39 of 2nd period - Josh Bailey is hit by Ladislav Nagy and loses puck.
8:08 of 2nd period - Slapshot by Sergei Plotnikov.
8:08 of 2nd period - Shot Misses the Net.
8:10 of 2nd period - Wrist shot by Sergei Plotnikov.
8:10 of 2nd period - Stopped by Magnus Hellberg with a rebound.
8:12 of 2nd period - Slapshot by Scott Timmins.
8:12 of 2nd period - Goal by Scott Timmins - Blackdemons : 4 - Knights : 0.
8:12 of 2nd period - Ben Scrivens enters game.
8:13 of 2nd period - Noel Acciari wins face-off versus Martin Hanzal in neutral zone.
8:16 of 2nd period - Slapshot by Tomas Kundratek.
8:16 of 2nd period - Stopped by Matt Hackett without a rebound.
8:17 of 2nd period - Martin Hanzal wins face-off versus Noel Acciari in Blackdemons zone.
8:47 of 2nd period - Slapshot by Tomas Kundratek.
8:47 of 2nd period - Deflect By Noel Acciari.
8:47 of 2nd period - Stopped by Matt Hackett with a rebound.
9:15 of 2nd period - Off-side.
9:16 of 2nd period - Patrice Cormier wins face-off versus Miro Aaltonen in neutral zone.
9:41 of 2nd period - Kyle Rau is hit by Justin Braun.
9:45 of 2nd period - Snap shot by Linden Vey.
9:45 of 2nd period - Shot Misses the Net.
9:47 of 2nd period - Snap shot by Boone Jenner.
9:47 of 2nd period - Stopped by Matt Hackett without a rebound.
9:48 of 2nd period - Max Friberg wins face-off versus Boone Jenner in Blackdemons zone.
10:04 of 2nd period - Off-side.
10:05 of 2nd period - Martin Hanzal wins face-off versus Miro Aaltonen in neutral zone.
10:12 of 2nd period - Wrist shot by Blake Pietila.
10:12 of 2nd period - Stopped by Ben Scrivens without a rebound.
10:13 of 2nd period - Martin Hanzal wins face-off versus Jordan Martinook in Knights zone.
10:20 of 2nd period - Snap shot by Jaccob Slavin.
10:20 of 2nd period - Shot Blocked by Roman Josi.
10:22 of 2nd period - Wrist shot by Jordan Martinook.
10:22 of 2nd period - Shot Misses the Net.
10:24 of 2nd period - Backhand shot by Tomas Kundratek.
10:24 of 2nd period - Shot Misses the Net.
10:40 of 2nd period - Keaton Ellerby is hit by Tomas Kundratek and loses puck.
11:01 of 2nd period - Snap shot by Vince Hinostroza.
11:01 of 2nd period - Shot Misses the Net.
11:03 of 2nd period - Slapshot by Justin Braun.
11:03 of 2nd period - Deflect By Zachary Sanford.
11:03 of 2nd period - Stopped by Matt Hackett with a rebound.
11:05 of 2nd period - Slapshot by Vince Hinostroza.
11:05 of 2nd period - Goal by Vince Hinostroza - Blackdemons : 4 - Knights : 1.
11:06 of 2nd period - Martin Hanzal wins face-off versus Scott Wilson in neutral zone.
11:15 of 2nd period - Slapshot by Martin Hanzal.
11:15 of 2nd period - Stopped by Ben Scrivens with a rebound.
11:17 of 2nd period - Snap shot by Blake Pietila.
11:17 of 2nd period - Deflect By Alexandre Grenier.
11:17 of 2nd period - Shot Blocked by Linden Vey.
11:17 of 2nd period - Puck is out of play.
11:18 of 2nd period - Noel Acciari wins face-off versus Martin Hanzal in Knights zone.
11:24 of 2nd period - Icing by Pavel Buchnevich.
11:25 of 2nd period - Pavel Buchnevich wins face-off versus Martin Hanzal in Knights zone.
11:58 of 2nd period - Slapshot by Patrice Cormier.
11:58 of 2nd period - Shot Misses the Net.
12:09 of 2nd period - Off-side.
12:10 of 2nd period - Boone Jenner wins face-off versus Kyle Rau in neutral zone.
12:40 of 2nd period - Snap shot by Patrice Cormier.
12:40 of 2nd period - Stopped by Ben Scrivens without a rebound.
12:41 of 2nd period - Noel Acciari wins face-off versus Patrice Cormier in Knights zone.
13:04 of 2nd period - Slapshot by Patrice Cormier.
13:04 of 2nd period - Shot Misses the Net.
13:14 of 2nd period - Snap shot by Patrice Cormier.
13:14 of 2nd period - Stopped by Ben Scrivens without a rebound.
13:15 of 2nd period - Martin Hanzal wins face-off versus Noel Acciari in Knights zone.
13:26 of 2nd period - Slapshot by Justin Braun.
13:26 of 2nd period - Deflect By Michael Raffl.
13:26 of 2nd period - Shot Blocked by Jeffrey Foss.
13:26 of 2nd period - Puck is out of play.
13:27 of 2nd period - Martin Hanzal wins face-off versus Miro Aaltonen in Blackdemons zone.
13:34 of 2nd period - Slapshot by Josh Bailey.
13:34 of 2nd period - Stopped by Matt Hackett without a rebound.
13:35 of 2nd period - Miro Aaltonen wins face-off versus Martin Hanzal in Blackdemons zone.
14:01 of 2nd period - Minor Penalty to Josh Bailey for Tripping.
14:02 of 2nd period - Patrice Cormier wins face-off versus Noel Acciari in Knights zone.
16:01 of 2nd period - Penalty to Josh Bailey is over, Josh Bailey is back on ice.
16:12 of 2nd period - Slapshot by Brendan Gaunce.
16:12 of 2nd period - Stopped by Matt Hackett with a rebound.
16:14 of 2nd period - Snap shot by Vince Hinostroza.
16:14 of 2nd period - Stopped by Matt Hackett without a rebound.
16:15 of 2nd period - Brendan Gaunce wins face-off versus Sergei Plotnikov in Blackdemons zone.
16:20 of 2nd period - Wrist shot by Brendan Gaunce.
16:20 of 2nd period - Stopped by Matt Hackett without a rebound.
16:21 of 2nd period - Miro Aaltonen wins face-off versus Scott Timmins in Blackdemons zone.
16:24 of 2nd period - Slapshot by Miro Aaltonen.
16:24 of 2nd period - Shot Blocked by Jeffrey Foss.
16:26 of 2nd period - Slapshot by Ludwig Bystrom.
16:26 of 2nd period - Shot Blocked by Yannick Weber.
16:36 of 2nd period - Wrist shot by Josh Bailey.
16:36 of 2nd period - Stopped by Matt Hackett with a rebound.
16:46 of 2nd period - Pavel Buchnevich is hit by Yannick Weber and loses puck.
17:40 of 2nd period - Wrist shot by Ladislav Nagy.
17:40 of 2nd period - Goal by Ladislav Nagy - Blackdemons : 5 - Knights : 1.
17:41 of 2nd period - Martin Hanzal wins face-off versus Noel Acciari in neutral zone.
17:56 of 2nd period - Snap shot by Noel Acciari.
17:56 of 2nd period - Deflect By Pavel Buchnevich.
17:56 of 2nd period - Shot Misses the Net.
17:56 of 2nd period - Puck is out of play.
17:57 of 2nd period - Boone Jenner wins face-off versus Patrice Cormier in Blackdemons zone.
18:10 of 2nd period - Snap shot by Boone Jenner.
18:10 of 2nd period - Goal by Boone Jenner - Blackdemons : 5 - Knights : 2.
18:11 of 2nd period - Noel Acciari wins face-off versus Martin Hanzal in neutral zone.
18:14 of 2nd period - Slapshot by Jaccob Slavin.
18:14 of 2nd period - Deflect By Roman Josi.
18:14 of 2nd period - Stopped by Matt Hackett with a rebound.
18:37 of 2nd period - Tomas Kundratek is hit by Zachary Sanford and loses puck.
19:57 of 2nd period - Wrist shot by Josh Bailey.
19:57 of 2nd period - Shot Misses the Net.
19:59 of 2nd period - Slapshot by Josh Bailey.
19:59 of 2nd period - Stopped by Matt Hackett without a rebound.
Goals for this period are 3 for Blackdemons vs 2 for Knights.
Shots for this period are 9 for Blackdemons vs 15 for Knights.
3rd period
0:01 of 3rd period - Martin Hanzal wins face-off versus Noel Acciari in neutral zone.
0:17 of 3rd period - Off-side.
0:18 of 3rd period - Boone Jenner wins face-off versus Patrice Cormier in neutral zone.
0:31 of 3rd period - Snap shot by Zachary Sanford.
0:31 of 3rd period - Stopped by Ben Scrivens without a rebound.
0:32 of 3rd period - Martin Hanzal wins face-off versus Noel Acciari in Knights zone.
0:43 of 3rd period - Snap shot by Jaccob Slavin.
0:43 of 3rd period - Deflect By Pavel Buchnevich.
0:43 of 3rd period - Shot Misses the Net.
0:43 of 3rd period - Puck is out of play.
0:44 of 3rd period - Noel Acciari wins face-off versus Blake Pietila in Blackdemons zone.
1:22 of 3rd period - Wrist shot by Jordan Martinook.
1:22 of 3rd period - Stopped by Matt Hackett without a rebound.
1:23 of 3rd period - Kyle Rau wins face-off versus Boone Jenner in Blackdemons zone.
1:32 of 3rd period - Slapshot by Zach Trotman.
1:32 of 3rd period - Shot Misses the Net.
1:48 of 3rd period - Noel Acciari is hit by Matt Grzelcyk and loses puck.
2:27 of 3rd period - Keaton Ellerby is hit by Nicklas Jensen and loses puck.
2:34 of 3rd period - Snap shot by Brendan Gaunce.
2:34 of 3rd period - Stopped by Matt Hackett without a rebound.
2:35 of 3rd period - Noel Acciari wins face-off versus Kyle Rau in Blackdemons zone.
2:36 of 3rd period - Slapshot by Michael Raffl.
2:36 of 3rd period - Stopped by Matt Hackett without a rebound.
2:37 of 3rd period - Kyle Rau wins face-off versus Noel Acciari in Blackdemons zone.
3:11 of 3rd period - Yannick Weber is hit by Linden Vey and loses puck.
4:10 of 3rd period - Snap shot by Patrice Cormier.
4:10 of 3rd period - Stopped by Ben Scrivens with a rebound.
4:14 of 3rd period - Snap shot by Zachary Sanford.
4:14 of 3rd period - Deflect By Max Friberg.
4:14 of 3rd period - Shot Misses the Net.
4:14 of 3rd period - Puck is out of play.
4:15 of 3rd period - Alexandre Grenier wins face-off versus Noel Acciari in Knights zone.
4:16 of 3rd period - Wrist shot by Martin Hanzal.
4:16 of 3rd period - Shot Misses the Net.
4:20 of 3rd period - Wrist shot by Blake Pietila.
4:20 of 3rd period - Shot Blocked by Zach Trotman.
4:22 of 3rd period - Backhand shot by Roman Josi.
4:22 of 3rd period - Stopped by Ben Scrivens with a rebound.
4:24 of 3rd period - Snap shot by Martin Hanzal.
4:24 of 3rd period - Shot Blocked by Zach Trotman.
4:42 of 3rd period - Hudson Fasching is hit by Boone Jenner and loses puck.
4:59 of 3rd period - Slapshot by Zach Trotman.
4:59 of 3rd period - Deflect By Sergei Plotnikov.
4:59 of 3rd period - Stopped by Matt Hackett with a rebound.
5:01 of 3rd period - Slapshot by Justin Braun.
5:01 of 3rd period - Stopped by Matt Hackett with a rebound.
5:03 of 3rd period - Slapshot by Justin Braun.
5:03 of 3rd period - Shot Blocked by Sergei Plotnikov.
5:05 of 3rd period - Wrist shot by Miro Aaltonen.
5:05 of 3rd period - Stopped by Matt Hackett with a rebound.
5:21 of 3rd period - Off-side.
5:22 of 3rd period - Noel Acciari wins face-off versus Martin Hanzal in neutral zone.
5:33 of 3rd period - Backhand shot by Noel Acciari.
5:33 of 3rd period - Shot Hit the Post.
5:35 of 3rd period - Slapshot by Noel Acciari.
5:35 of 3rd period - Stopped by Matt Hackett with a rebound.
5:56 of 3rd period - Wrist shot by Ladislav Nagy.
5:56 of 3rd period - Shot Misses the Net.
7:05 of 3rd period - Off-side.
7:06 of 3rd period - Kyle Rau wins face-off versus Noel Acciari in neutral zone.
7:36 of 3rd period - Off-side.
7:37 of 3rd period - Martin Hanzal wins face-off versus Boone Jenner in neutral zone.
7:50 of 3rd period - Alexandre Grenier is hit by Linden Vey and loses puck.
8:06 of 3rd period - Wrist shot by Linden Vey.
8:06 of 3rd period - Shot Misses the Net.
8:08 of 3rd period - Snap shot by Scott Wilson.
8:08 of 3rd period - Shot Blocked by Alexandre Grenier.
8:10 of 3rd period - Wrist shot by Scott Wilson.
8:10 of 3rd period - Deflect By Boone Jenner.
8:10 of 3rd period - Deflect By Martin Hanzal.
8:10 of 3rd period - Shot Blocked by Brett Kulak.
8:10 of 3rd period - Puck is out of play.
8:11 of 3rd period - Patrice Cormier wins face-off versus Pavel Buchnevich in Blackdemons zone.
9:21 of 3rd period - Wrist shot by Linden Vey.
9:21 of 3rd period - Stopped by Matt Hackett with a rebound.
9:23 of 3rd period - Snap shot by Ludwig Bystrom.
9:23 of 3rd period - Shot Blocked by Martin Hanzal.
9:25 of 3rd period - Wrist shot by Scott Wilson.
9:25 of 3rd period - Shot Blocked by Alexandre Grenier.
9:27 of 3rd period - Snap shot by Boone Jenner.
9:27 of 3rd period - Stopped by Matt Hackett with a rebound.
9:29 of 3rd period - Wrist shot by Collin Miller.
9:29 of 3rd period - Stopped by Matt Hackett with a rebound.
10:31 of 3rd period - Snap shot by Scott Timmins.
10:31 of 3rd period - Shot Hit the Post.
10:53 of 3rd period - Snap shot by Martin Hanzal.
10:53 of 3rd period - Shot Misses the Net.
10:55 of 3rd period - Slapshot by Alexandre Grenier.
10:55 of 3rd period - Stopped by Ben Scrivens with a rebound.
11:27 of 3rd period - Slapshot by Justin Braun.
11:27 of 3rd period - Stopped by Matt Hackett without a rebound.
11:28 of 3rd period - Kyle Rau wins face-off versus Miro Aaltonen in Blackdemons zone.
12:19 of 3rd period - Roman Josi is hit by Noel Acciari and loses puck.
12:26 of 3rd period - Wrist shot by Pavel Buchnevich.
12:26 of 3rd period - Shot Misses the Net.
12:28 of 3rd period - Snap shot by Noel Acciari.
12:28 of 3rd period - Shot Misses the Net.
12:30 of 3rd period - Slapshot by Jaccob Slavin.
12:30 of 3rd period - Deflect By Pavel Buchnevich.
12:30 of 3rd period - Shot Misses the Net.
12:30 of 3rd period - Puck is out of play.
12:31 of 3rd period - Martin Hanzal wins face-off versus Miro Aaltonen in Blackdemons zone.
12:48 of 3rd period - Josh Bailey is hit by Martin Hanzal and loses puck.
13:05 of 3rd period - Slapshot by Brett Kulak.
13:05 of 3rd period - Shot Blocked by Tomas Kundratek.
13:25 of 3rd period - Snap shot by Patrice Cormier.
13:25 of 3rd period - Shot Misses the Net.
13:27 of 3rd period - Slapshot by Robbie Russo.
13:27 of 3rd period - Deflect By Jaccob Slavin.
13:27 of 3rd period - Stopped by Ben Scrivens without a rebound.
13:28 of 3rd period - Noel Acciari wins face-off versus Patrice Cormier in Knights zone.
13:30 of 3rd period - Minor Penalty to Noel Acciari for Roughing.
13:31 of 3rd period - Boone Jenner wins face-off versus Patrice Cormier in Knights zone.
13:43 of 3rd period - Snap shot by Zachary Sanford.
13:43 of 3rd period - Goal by Zachary Sanford - Blackdemons : 6 - Knights : 2.
13:44 of 3rd period - Patrice Cormier wins face-off versus Noel Acciari in neutral zone.
13:47 of 3rd period - Snap shot by Roman Josi.
13:47 of 3rd period - Shot Misses the Net.
13:49 of 3rd period - Slapshot by Zachary Sanford.
13:49 of 3rd period - Shot Misses the Net.
13:51 of 3rd period - Wrist shot by Zachary Sanford.
13:51 of 3rd period - Deflect By Patrice Cormier.
13:51 of 3rd period - Stopped by Ben Scrivens with a rebound.
14:09 of 3rd period - Keaton Ellerby is hit by Jordan Martinook and loses puck.
14:35 of 3rd period - Minor Penalty to Scott Wilson for Holding.
14:36 of 3rd period - Noel Acciari wins face-off versus Hudson Fasching in Knights zone.
14:36 of 3rd period - Noel Acciari is hit by Martin Hanzal.
14:51 of 3rd period - Snap shot by Blake Pietila.
14:51 of 3rd period - Deflect By Martin Hanzal.
14:51 of 3rd period - Shot Misses the Net.
14:51 of 3rd period - Puck is out of play.
14:52 of 3rd period - Noel Acciari wins face-off versus Alexandre Grenier in Knights zone.
15:16 of 3rd period - Icing by Roman Josi.
15:17 of 3rd period - Noel Acciari wins face-off versus Patrice Cormier in Blackdemons zone.
15:20 of 3rd period - Snap shot by Noel Acciari.
15:20 of 3rd period - Shot Misses the Net.
16:04 of 3rd period - Snap shot by Patrice Cormier.
16:04 of 3rd period - Goal by Patrice Cormier - Blackdemons : 7 - Knights : 2.
16:05 of 3rd period - Miro Aaltonen wins face-off versus Hudson Fasching in neutral zone.
16:10 of 3rd period - Slapshot by Josh Bailey.
16:10 of 3rd period - Shot Misses the Net.
16:12 of 3rd period - Snap shot by Miro Aaltonen.
16:12 of 3rd period - Shot Hit the Post.
16:14 of 3rd period - Snap shot by Jaccob Slavin.
16:14 of 3rd period - Stopped by Matt Hackett with a rebound.
16:30 of 3rd period - Ladislav Nagy is hit by Zach Trotman and loses puck.
16:57 of 3rd period - Jeffrey Foss is hit by Collin Miller and loses puck.
17:23 of 3rd period - Alexandre Grenier is hit by Tomas Kundratek and loses puck.
17:40 of 3rd period - Wrist shot by Zachary Sanford.
17:40 of 3rd period - Shot Blocked by Jaccob Slavin.
17:58 of 3rd period - Slapshot by Scott Timmins.
17:58 of 3rd period - Stopped by Ben Scrivens with a rebound.
18:00 of 3rd period - Snap shot by Scott Timmins.
18:00 of 3rd period - Goal by Scott Timmins - Blackdemons : 8 - Knights : 2.
18:01 of 3rd period - Martin Hanzal wins face-off versus Noel Acciari in neutral zone.
18:13 of 3rd period - Wrist shot by Martin Hanzal.
18:13 of 3rd period - Deflect By Alexandre Grenier.
18:13 of 3rd period - Goal by Alexandre Grenier - Blackdemons : 9 - Knights : 2.
18:14 of 3rd period - Michael Raffl wins face-off versus Patrice Cormier in neutral zone.
18:22 of 3rd period - Max Friberg is hit by Pavel Buchnevich and loses puck.
18:44 of 3rd period - Blake Pietila is hit by Boone Jenner and loses puck.
19:23 of 3rd period - Slapshot by Justin Braun.
19:23 of 3rd period - Shot Misses the Net.
19:33 of 3rd period - Zach Trotman is hit by Scott Timmins and loses puck.
Goals for this period are 4 for Blackdemons vs 0 for Knights.
Shots for this period are 11 for Blackdemons vs 12 for Knights.
Back to the Top